 Dungeon Crawl Stone Soup version 0.21.1-1-g345015f (webtiles) character file.

2835 RipGuy the Basher (level 9, 0/52 HPs)
             Began as a Gargoyle Berserker on Apr 29, 2018.
             Was an Elder of Trog.
             Slain by an orc warrior
             ... wielding a cursed -1 glaive
              (1 damage)
             ... while paralysed
             ... on level 7 of the Dungeon on Apr 30, 2018.
             The game lasted 00:20:01 (9493 turns).

RipGuy the Basher (Gargoyle Berserker)              Turns: 9493, Time: 00:20:01

Health: 0/52       AC: 20    Str: 25    XL:     9   Next: 73%
Magic:  9/9        EV:  2    Int:  7    God:    Trog [****..]
Gold:   287        SH:  0    Dex:  9    Spells: 8/8 levels left

rFire    + . .     SeeInvis .   a - +1 mace
rCold    + . .     Gourm    .   (no shield)
rNeg     + . .     Faith    .   o - +1 chain mail
rPois    ∞         Spirit   .   B - +0 helmet
rElec    +         Reflect  .   G - scarf {rC+ rF+}
rCorr    .         Harm     .   f - +0 pair of gloves
MR       .....                  c - +0 pair of boots
Stlth    ..........             (no amulet)
HPRegen  0.17/turn              (no ring)
MPRegen  0.11/turn              (no ring)

@: paralysed, fainting
A: negative energy resistance 1, electricity resistance, unbreathing,
petrification resistance, rot immunity, AC +6
a: Berserk, Trog's Hand, Brothers in Arms, Burn Spellbooks, Renounce Religion


You were on level 7 of the Dungeon.
You worshipped Trog.
Trog was greatly pleased with you.
You were fainting.

You visited 1 branch of the dungeon, and saw 7 of its levels.

You collected 323 gold pieces.
You spent 36 gold pieces at shops.

Inventory:

Hand Weapons
 a - a +1 mace (weapon)
 I - a +1 whip of freezing
Armour
 b - a +0 animal skin
 c - a +0 pair of boots (worn)
 f - a +0 pair of gloves (worn)
 k - a +0 ring mail
 o - a +1 chain mail (worn)
 B - a +0 helmet (worn)
 F - a +1 cloak of poison resistance
 G - a scarf of resistance (worn)
Jewellery
 K - a +3 amulet of reflection {unknown}
Wands
 p - a wand of random effects (42)
 s - a wand of clouds (9)
 C - a wand of disintegration (12)
Scrolls
 g - 2 scrolls of random uselessness {unknown}
 h - 5 scrolls of enchant weapon
 j - 2 scrolls of identify
 l - 4 scrolls of teleportation
 m - a scroll of enchant armour
 u - 3 scrolls of remove curse {unknown}
 v - a scroll of holy word {unknown}
 y - a scroll of blinking {unknown}
 D - 4 scrolls of immolation {unknown}
 H - a scroll of noise {unknown}
 J - a scroll of acquirement {unknown}
Potions
 d - a potion of brilliance {unknown}
 e - 3 potions of haste {unknown}
 i - a potion of berserk rage {unknown}
 n - a potion of degeneration {unknown}
 q - a potion of agility
 r - a potion of invisibility {unknown}
 t - a potion of might {unknown}
 w - a potion of cancellation {unknown}
 x - a potion of magic {unknown}
 z - 2 potions of heal wounds {unknown}
 A - 3 potions of lignification {unknown}
 E - 2 potions of curing


   Skills:
 - Level 4.6 Fighting
 + Level 12.1 Maces & Flails
 - Level 3.9 Armour
 - Level 2.7 Dodging
 - Level 1.4 Stealth


You had 8 spell levels left.
You didn't know any spells.

Dungeon Overview and Level Annotations

Branches:
Dungeon (7/15)             Temple (0/1) D:4

Altars:
Cheibriados
Dithmenos
Elyvilon
Fedhas
Kikubaaqudgha
Makhleb
Ru
Uskayaw
Wu Jian
Yredelemnul

Shops:
D:4 !   D:6 :


Innate Abilities, Weirdness & Mutations

You are resistant to torment.
Your stone body is resilient. (AC +6)
You are immune to poison.
You resist negative energy. (rN+)
You are resistant to electric shocks. (rElec)
You can survive without breathing.
You are immune to petrification.
You are immune to rotting.


Message History

The orc warrior hits you with a glaive. The orc warrior barely misses you.
The orc warrior hits you but does no damage.
The orc warrior hits you but does no damage.
The orc warrior hits you with a glaive.
The orc warrior hits you but does no damage.
You can move again.
You hit the orc warrior but do no damage.
The orc warrior is lightly wounded.
The orc warrior hits you with a glaive!
* * * LOW HITPOINT WARNING * * *
You closely miss the orc warrior.
The orc warrior is lightly wounded.
The orc warrior barely misses you.
Unknown command.
You completely miss the orc warrior.
The orc warrior is lightly wounded.
You lose consciousness!
The orc warrior hits you with a glaive.
You die...

#..#...## ##..
###...## ####
#...## ####...
#...#####.....#
#..## ##.......#
#.# ##.......##
##.# ##.......##
##†)# #........#
###o@# #.......##
##....## ##.....##
# ###>.....##
###..## ##
##.........### ####
#. ##............##
##.
#..............##
#..
#..#.............##
###
####..............#
##
##...............
#.


You could see an orc warrior.

Vanquished Creatures
  Pikel (D:7)
  Menkaure (D:7)
  The ghost of Mirai the Sneak, an amateur KoEn (D:3)
  2 sky beasts
  A slave (D:7)
  An ogre (D:5)
  A phantom (D:7)
  2 centaurs
  A bullfrog (D:6)
  A gnoll sergeant (D:7)
  A wyvern zombie (D:6)
  2 scorpions
  6 killer bees (D:6)
  A centaur zombie (D:5)
  2 crimson imps (D:5)
  A bullfrog zombie (D:7)
  2 jellies
  4 orc priests
  2 hounds
  2 centaur skeletons (D:4)
  A bullfrog skeleton (D:6)
  An iguana (D:5)
  5 worker ants
  5 orc wizards
  Robin (D:2)
  10 gnolls
  11 adders
  2 shadow imps (D:7)
  3 oozes
  3 worms (D:2)
  An adder skeleton (D:4)
  7 dart slugs
  6 leopard geckos
  24 orcs
  A ball python (D:2)
  5 giant cockroaches
  18 goblins
  11 hobgoblins
  7 jackals
  6 kobolds
  4 quokkas
  6 bats
  6 frilled lizards
  A giant cockroach zombie (D:5)
  10 rats
190 creatures vanquished.

Vanquished Creatures (others)
  A slave (D:7)
  An orc (D:7)
  A bush (D:6)
3 creatures vanquished.

Grand Total: 193 creatures vanquished

Notes
Turn   | Place    | Note
-------+----------+-------------------------------------------
     0 | D:1      | RipGuy the Gargoyle Berserker began the quest for the Orb.
     0 | D:1      | Reached XP level 1. HP: 14/14 MP: 1/1
   102 | D:1      | Reached XP level 2. HP: 16/19 MP: 2/2
   869 | D:1      | Reached XP level 3. HP: 21/24 MP: 3/3
  2150 | D:2      | Reached ** piety under Trog
  2207 | D:2      | Reached skill level 4 in Maces & Flails
  2207 | D:2      | Reached XP level 4. HP: 28/29 MP: 4/4
  2712 | D:2      | Reached XP level 5. HP: 24/33 MP: 5/5
  2905 | D:2      | Reached skill level 1 in Stealth
  2911 | D:2      | Found a burning altar of Makhleb.
  2950 | D:2      | Noticed Robin
  3005 | D:2      | Killed Robin
  3132 | D:2      | Found a shadowy altar of Dithmenos.
  3547 | D:3      | Noticed Mirai's ghost (amateur KoEn)
  3550 | D:3      | Found a hide-covered altar of Uskayaw.
  3566 | D:3      | Reached *** piety under Trog
  3612 | D:3      | Noticed a centaur
  3634 | D:3      | Killed Mirai's ghost
  3634 | D:3      | Reached skill level 5 in Maces & Flails
  3634 | D:3      | Reached XP level 6. HP: 14/39 MP: 6/6
  4402 | D:4      | Reached XP level 7. HP: 23/44 MP: 7/7
  4656 | D:4      | Reached skill level 6 in Maces & Flails
  5345 | D:4      | Reached skill level 7 in Maces & Flails
  5430 | D:4      | Found an ancient bone altar of Kikubaaqudgha.
  5508 | D:4      | Found a staircase to the Ecumenical Temple.
  5703 | D:4      | Found Dueteemp's Distillery.
  5708 | D:4      | Bought a potion of curing for 36 gold pieces
  5851 | D:5      | Entered Level 5 of the Dungeon
  5977 | D:5      | Reached **** piety under Trog
  5977 | D:5      | Reached XP level 8. HP: 45/48 MP: 8/8
  6085 | D:5      | Reached skill level 8 in Maces & Flails
  6270 | D:5      | Found a snail-covered altar of Cheibriados.
  6270 | D:5      | Found a blossoming altar of Fedhas.
  6628 | D:5      | Reached skill level 9 in Maces & Flails
  7134 | D:6      | Found a sacrificial altar of Ru.
  7353 | D:6      | Found Fenif's Book Boutique.
  7449 | D:6      | Found a white marble altar of Elyvilon.
  7479 | D:6      | Reached skill level 10 in Maces & Flails
  7495 | D:6      | Reached XP level 9. HP: 23/52 MP: 9/9
  7498 | D:6      | HP: 2/52 [killer bee (3)]
  8052 | D:6      | Found an ornate altar of the Wu Jian Council.
  8328 | D:6      | Found a basalt altar of Yredelemnul.
  8704 | D:7      | Reached skill level 11 in Maces & Flails
  9056 | D:7      | Noticed Pikel
  9062 | D:7      | Killed Pikel
  9063 | D:7      | Noticed Menkaure
  9073 | D:7      | Killed Menkaure
  9422 | D:7      | Reached skill level 12 in Maces & Flails
  9480 | D:7      | Paralysed by fainting for 9 turns
  9490 | D:7      | HP: 1/52 [orc warrior/glaive (16)]
  9492 | D:7      | Paralysed by fainting for 5 turns
  9493 | D:7      | Slain by an orc warrior

Skill      XL: |  1  2  3  4  5  6  7  8  9 |
---------------+----------------------------+-----
Dodging        | 2 |  2.7
Maces & Flails | 4 5 7 10 12 | 12.1
Fighting       | 4 |  4.6
Stealth        | 1 |  1.4
Armour         | 3 |  3.9

Action                   |  1- 3 |  4- 6 |  7- 9 || total
-------------------------+-------+-------+-------++-------
Melee: Mace              |   109 |   286 |   586 ||   981
Invok: Berserk           |       |     5 |     6 ||    11
  Use: Potion            |       |       |     5 ||     5
       Scroll            |       |       |     4 ||     4
  Eat: Chunk             |     1 |     5 |     6 ||    12
       Ration            |     1 |     2 |     4 ||     7
Armor: Animal skin       |    27 |       |       ||    27
       Ring mail         |    12 |    95 |       ||   107
       Skin              |     1 |       |       ||     1
       Chain mail        |       |   259 |   527 ||   786
Dodge: Dodged            |    72 |   282 |   350 ||   704
